 Dungeon Crawl Stone Soup version 0.14-a0-226-gcf818b1 (webtiles) character file.

7791 Malachi the Spear-Bearer (level 10, -1/79 HPs)
             Began as a Centaur Abyssal Knight on Oct 9, 2013.
             Was the Champion of Lugonu.
             Slain by an eight-headed hydra (11 damage)
             ... on Level 1 of the Lair of Beasts on Oct 10, 2013.
             The game lasted 00:43:12 (14359 turns).

Malachi the Spear-Bearer (Centaur Abyssal Knight)  Turns: 14359, Time: 00:43:12

HP  -1/79        AC 14     Str 18      XL: 10   Next: 90%
MP  18/18        EV  8     Int 14      God: Lugonu [******]
Gold 490         SH  5     Dex  9      Spells:  0 memorised,  9 levels left

Res.Fire  : + + .   See Invis. : .   n - +1,+2 bow (flame)
Res.Cold  : + . .   Warding    : .   D - +4 leather armour of Proximity {+Blink rC+ Str+3 Dam-2}
Life Prot.: . . .   Conserve   : .   M - +0 elf buckler
Res.Poison: .       Res.Corr.  : .   e - +2 spiked helmet
Res.Elec. : .       Clarity    : .   o - +0 cloak
Sust.Abil.: . .     Spirit.Shd : .   C - +0 pair of gloves
Res.Mut.  : .       Stasis     : .   (no barding)
Res.Rott. : .       Flight     : .   k - amulet of the gourmand
Gourmand  : +                        B - ring of protection from fire
                                     y - ring of protection from fire

@: studying Long Blades, very quick, somewhat resistant to hostile enchantments,
extremely unstealthy
A: hooves 3, deformed body, herbivore 1, speed 2, fast metabolism 1, tough skin
3
a: Depart the Abyss, Bend Space, Banish, Corrupt, Enter the Abyss, Renounce
Religion, Evoke Blink


You were on level 1 of the Lair of Beasts.
You worshipped Lugonu.
Lugonu was exalted by your worship.
You were full.

You visited 2 branches of the dungeon, and saw 12 of its levels.
You visited the Abyss 1 time.

You collected 470 gold pieces.

Inventory:

Hand weapons
 a - a +2,-3 spear
 n - a +1,+2 bow of flame (weapon)
 x - a +0 orcish blowgun
 K - a +3,+0 spear of venom
Missiles
 b - 2 throwing nets
 j - 10 poisoned arrows
 m - 22 arrows (quivered)
 w - 38 poisoned needles
 A - 13 arrows of frost
 W - 3 needles of frenzy
Armour
 e - a +2 spiked helmet (worn)
 o - a +0 cloak (worn)
 v - a +2 robe of positive energy
 C - a +0 pair of gloves (worn)
 D - the +4 leather armour of Proximity (worn) {+Blink rC+ Str+3 Dam-2}
   (You found it on level 10 of the Dungeon)

   It affects your strength (+3).
   It affects your damage-dealing abilities (-2).
   It protects you from cold.
   It lets you blink.
 M - a +0 elven buckler (worn)
Magical devices
 s - a wand of random effects (10)
 G - a wand of flame (19)
 I - a wand of enslavement (16)
 J - a wand of paralysis (7)
 S - a wand of frost (7)
Comestibles
 c - 8 bread rations
 f - an apple
 g - 2 pears
 q - a choko
 t - 4 meat rations
Scrolls
 d - 2 scrolls of teleportation
 p - 5 scrolls of remove curse
 r - 3 scrolls of amnesia
 u - a scroll of fog
 U - a scroll of magic mapping
Jewellery
 h - an uncursed amulet of stasis
 k - an amulet of the gourmand (around neck)
 y - a ring of protection from fire (left hand)
 z - an uncursed ring of invisibility
 B - a ring of protection from fire (right hand)
 T - an uncursed ring of fire
Potions
 i - 2 potions of agility
 l - 4 potions of restore abilities
 E - a potion of might
 F - 2 potions of brilliance
 L - a potion of cure mutation
Books
 N - a manual of Long Blades
Magical staves
 H - an uncursed staff of energy
 Q - an uncursed staff of earth


   Skills:
 - Level 5.1 Fighting
 * Level 12.9 Polearms
 + Level 4.6 Bows
 - Level 1.9 Armour
 - Level 0.9 Dodging
 - Level 0.3 Stealth
 * Level 7.0 Invocations
 - Level 0.6 Evocations


You had 9 spell levels left.
You didn't know any spells.

Dungeon Overview and Level Annotations

Branches:
Dungeon (11/27)            Temple (0/1) D:5             Orc (0/4) D:10
   Lair (1/8) D:10

Altars:
Elyvilon
Fedhas
Sif Muna
Yredelemnul

Shops:
D:5 [   D:6 ?

Annotations:
D:10 Erolcha


Innate Abilities, Weirdness & Mutations

You have hooves in place of feet.
Armour fits poorly on your strangely shaped body.
You digest meat inefficiently.
You cover ground very quickly.
You have a fast metabolism.
You have extremely tough skin (AC +3).


Message History

The arrow of flame hits the eight-headed hydra.
The eight-headed hydra is moderately wounded.
You see here an arrow.
Things that are here:
13 gold pieces; a scroll of remove curse Firing (i - inventory. (,) - cycle):
m - 23 arrows (quivered)
Press: ? - help, Shift-Dir - straight line, f/p - eight-headed hydra
Aim: an eight-headed hydra (moderately wounded)
You shoot an arrow.
The arrow of flame hits the eight-headed hydra.
The eight-headed hydra is moderately wounded.
The eight-headed hydra bites you. The eight-headed hydra bites you!
The eight-headed hydra bites you.
You block the eight-headed hydra's attack.
The eight-headed hydra bites you!
* * * LOW HITPOINT WARNING * * *
The eight-headed hydra bites you!
* * * LOW HITPOINT WARNING * * *
The eight-headed hydra bites you!
You die...

##### ###...# ##.....# #
......##... ....##....
#($...#... #$...$.....
#D@.....%.P #(.....#...
#......... ### #......#.f
#####.### #..#......
.##....f# ##(........
..#.....######...#.....%.
.................##......
####f.#######....##......


You could see an eight-headed hydra.

Vanquished Creatures
  A hydra (D:10)
  Urug (D:10)
  Pikel (D:9)
  2 hill giants (D:10)
  A feature mimic (D:9)
  The ghost of casual the Magician, an experienced OpTm (D:5)
  A hungry ghost (D:10)
  A hippogriff (Lair:1)
  A deep elf fighter (D:10)
  A soldier ant (D:10)
  A small abomination (Abyss:1)
  A necrophage (Abyss:1)
  2 ice beasts
  A slave (D:9)
  4 ogres
  A phantom (D:10)
  2 big kobolds (D:9)
  A crocodile (D:10)
  5 centaurs
  A giant frog (D:6)
  Blork the orc (D:7)
  A water moccasin (D:6)
  A jelly (D:9)
  A vampire bat (Lair:1)
  6 killer bees
  3 goliath beetles
  7 hounds
  4 crimson imps
  An orc priest (D:9)
  2 scorpions (D:10)
  5 orc wizards
  A two-headed ogre skeleton (D:7)
  6 iguanas
  A giant frog skeleton (D:6)
  8 worker ants
  A hound skeleton (D:4)
  3 gnolls (D:2)
  10 adders
  11 green rats
  A giant mite (D:3)
  3 worms
  2 iguana skeletons
  A giant eyeball (D:8)
  13 orcs
  31 bats
  3 giant cockroaches
  13 hobgoblins
  3 jackals (D:6)
  20 kobolds
  6 quokkas
  A ball python (D:3)
  12 giant geckos
  A giant gecko skeleton (D:6)
  4 giant newts
  13 goblins
  A hobgoblin zombie (D:6)
  A jackal skeleton (D:4)
  A jackal zombie (D:5)
  An orc zombie (D:9)
  29 rats
  3 ballistomycetes (D:6)
266 creatures vanquished.

Vanquished Creatures (collateral kills)
  A giant spore (D:6)
1 creature vanquished.

Vanquished Creatures (others)
  A spiny frog (D:10)
  A bat (D:10)
  A kobold (D:10)
  A plant (D:4)
4 creatures vanquished.

Grand Total: 271 creatures vanquished

Notes
Turn   | Place    | Note
--------------------------------------------------------------
     0 | Abyss:1  | Malachi, the Centaur Abyssal Knight, began the quest for the Orb.
     0 | Abyss:1  | Reached XP level 1. HP: 17/17 MP: 1/1
    29 | Abyss:1  | Found a corrupted altar of Lugonu.
   120 | Abyss:1  | Noticed a necrophage
   128 | Abyss:1  | Killed a necrophage
   128 | Abyss:1  | Reached skill level 4 in Fighting
   128 | Abyss:1  | Reached XP level 2. HP: 22/25 MP: 2/2
   128 | Abyss:1  | Reached XP level 3. HP: 26/30 MP: 4/4
   128 | Abyss:1  | Reached XP level 4. HP: 32/38 MP: 4/4
   129 | Abyss:1  | Noticed a small abomination
   164 | Abyss:1  | Noticed an ancient zyme
   168 | Abyss:1  | Killed a small abomination
   168 | Abyss:1  | Reached skill level 5 in Fighting
   168 | Abyss:1  | Reached XP level 5. HP: 14/45 MP: 6/6
   169 | D:1      | Escaped the Abyss
   427 | D:1      | Acquired Lugonu's first power
  1558 | D:2      | Acquired Lugonu's second power
  1558 | D:2      | Reached XP level 6. HP: 46/51 MP: 8/8
  3715 | D:4      | Found a basalt altar of Yredelemnul.
  3941 | D:4      | Reached XP level 7. HP: 30/58 MP: 10/10
  4290 | D:4      | Acquired Lugonu's third power
  4290 | D:4      | Reached skill level 5 in Polearms
  4755 | D:5      | Entered Level 5 of the Dungeon
  4806 | D:5      | Found a staircase to the Ecumenical Temple.
  4823 | D:5      | Found Judd's Armour Shoppe.
  4849 | D:5      | Upgraded the game from 0.14-a0-218-g24e112a to 0.14-a0-226-gcf818b1
  4971 | D:5      | Noticed casual's ghost (experienced OpTm)
  5230 | D:5      | Killed casual's ghost
  5230 | D:5      | Reached skill level 6 in Polearms
  5372 | D:5      | Reached XP level 8. HP: 30/66 MP: 12/12
  6034 | D:6      | Reached skill level 7 in Polearms
  6034 | D:6      | Reached skill level 5 in Invocations
  6759 | D:6      | Found Fueb's Magic Scroll Emporium.
  6778 | D:6      | Acquired Lugonu's fourth power
  6832 | D:6      | Found a white marble altar of Elyvilon.
  6930 | D:6      | Found a blossoming altar of Fedhas.
  6946 | D:6      | Reached skill level 8 in Polearms
  7056 | D:6      | Found a deep blue altar of Sif Muna.
  7265 | D:6      | Paralysed by you for 6 turns
  7763 | D:7      | Reached skill level 9 in Polearms
  7763 | D:7      | Reached XP level 9. HP: 37/71 MP: 15/15
  8077 | D:7      | Acquired Lugonu's fifth power
  8117 | D:7      | Noticed Blork the orc
  8142 | D:7      | Killed Blork the orc
  8912 | D:8      | Reached skill level 1 in Bows
  9459 | D:9      | Found Sohiaq's Armour Shoppe.
  9466 | D:9      | Sohiaq's Armour Shoppe was a mimic.
  9484 | D:9      | Killed a shop mimic
  9484 | D:9      | Reached skill level 10 in Polearms
 10021 | D:9      | Noticed Pikel
 10078 | D:9      | Killed Pikel
 10078 | D:9      | Reached skill level 11 in Polearms
 10604 | D:10     | Entered Level 10 of the Dungeon
 10604 | D:10     | Noticed Urug
 11090 | D:10     | Killed Urug
 11090 | D:10     | Reached XP level 10. HP: 42/79 MP: 17/17
 11352 | D:10     | Found a staircase to the Orcish Mines.
 11392 | D:10     | Noticed Erolcha
 11392 | D:10     | Paralysed by Erolcha for 6 turns
 13006 | D:10     | Noticed a hill giant
 13048 | D:10     | Reached skill level 12 in Polearms
 13072 | D:10     | Killed a hill giant
 13173 | D:10     | Found a staircase to the Lair.
 13173 | D:10     | Noticed an eight-headed hydra
 13441 | D:10     | Killed an eight-headed hydra
 13463 | D:10     | Got a shimmering leather armour
 13499 | D:10     | Identified the +4 leather armour of Proximity {+Blink rC+ Str+3 Dam-2} (You found it on level 10 of the Dungeon)
 13594 | D:10     | Noticed a hill giant
 13650 | D:10     | Killed a hill giant
 13946 | Lair:1   | Entered Level 1 of the Lair of Beasts
 14333 | Lair:1   | Noticed an eight-headed hydra
 14359 | Lair:1   | Slain by an eight-headed hydra

Action                   |  1- 3 |  4- 6 |  7- 9 | 10-12 || total
-------------------------+-------+-------+-------+-------++-------
Melee: Spear             |     8 |   287 |   785 |   393 ||  1473
 Fire: Bow               |       |       |     8 |    57 ||    65
Invok: Depart the Abyss  |       |     1 |       |       ||     1
       Banish            |       |       |       |     2 ||     2
Evoke: Wand              |       |       |     5 |     3 ||     8
  Use: Scroll            |       |     5 |    17 |     5 ||    27
       Potion            |       |     1 |     5 |     3 ||     9
